 Dungeon Crawl Stone Soup version 0.21-a0-414-gba8bdf1 (webtiles) character file.

226 Laiders the Cudgeler (level 5, -8/45 HPs)
             Began as a Minotaur Berserker on Nov 2, 2017.
             Was a Believer of Trog.
             Mangled by Menkaure (18 damage)
             ... on level 4 of the Dungeon.
             The game lasted 00:07:15 (2451 turns).

Laiders the Cudgeler (Minotaur Berserker)           Turns: 2451, Time: 00:07:16

Health: -8/45      AC:  6    Str: 21    XL:     5   Next: 69%
Magic:  4/4        EV: 10    Int:  4    God:    Trog [**....]
Gold:   101        SH:  0    Dex: 11    Spells: 4/4 levels left

rFire    . . .     SeeInvis .   h - +1 whip (vamp)
rCold    . . .     Gourm    .   (no shield)
rNeg     . . .     Faith    .   p - +0 scale mail
rPois    .         Spirit   .   (helmet restricted)
rElec    .         Reflect  .   (no cloak)
rCorr    .         Harm     .   (no gloves)
MR       ++...                  (no boots)
Stlth    +.........             (no amulet)
HPRegen  1.15/turn              n - ring of stealth
MPRegen  0.09/turn              (no ring)

@: regenerating
A: retaliatory headbutt, horns 2
a: Berserk, Trog's Hand, Burn Spellbooks, Renounce Religion


You were on level 4 of the Dungeon.
You worshipped Trog.
Trog was pleased with you.
You were not hungry.

You visited 1 branch of the dungeon, and saw 4 of its levels.

You collected 101 gold pieces.

Inventory:

Hand Weapons
 h - a +1 vampiric whip (weapon)
Armour
 p - a +0 scale mail (worn)
Jewellery
 n - a ring of stealth (left hand)
Scrolls
 a - 2 scrolls of magic mapping {unknown}
 b - 3 scrolls of remove curse
 d - a scroll of enchant armour {unknown}
 j - a scroll of fog {unknown}
 k - 2 scrolls of teleportation
 m - a scroll of recharging
 o - a scroll of amnesia {unknown}
 q - a scroll of random uselessness {unknown}
 r - a scroll of immolation {unknown}
Potions
 e - 3 potions of curing
 f - 2 potions of mutation {unknown}
 i - a potion of brilliance {unknown}
 l - a potion of might {unknown}
Comestibles
 c - 6 bread rations
 g - a meat ration


   Skills:
 - Level 3.6 Fighting
 + Level 7.8 Maces & Flails
 - Level 2.4 Armour
 - Level 2.1 Dodging


You had 4 spell levels left.
You didn't know any spells.

Dungeon Overview and Level Annotations

Branches:
Dungeon (4/15)
 Temple: D:4-7

Altars:
Cheibriados
Fedhas
Ru

Annotations:
D:4 Menkaure


Innate Abilities, Weirdness & Mutations

You reflexively headbutt those who attack you in melee.
You have a pair of horns on your head.


Message History

Menkaure, Prince of Dust comes into view.
Menkaure shouts!
Found 21 stones.
Menkaure calls on the powers of darkness!
Your body is wracked with pain!
You completely miss Menkaure.
You headbutt Menkaure, but do no damage.
Menkaure casts a spell at you. Pain shoots through your body!
* * * LOW HITPOINT WARNING * * *
You hit Menkaure but do no damage. You hit Menkaure but do no damage.
You headbutt Menkaure.
Menkaure is moderately damaged.
Menkaure calls on the powers of darkness!
Your body is wracked with pain!
* * * LOW HITPOINT WARNING * * *
Your skin crawls.
You feel resistant to hostile enchantments.
You feel somewhat more hungry. Menkaure hits you!!
You die...

###### ############.##
#########.....[.@.....#
..........######M.....#
.................P.P.....
###############..._..####
#.(P.P.# ##.....#
###..... #####


You could see Menkaure.

Vanquished Creatures
  An orc priest (D:3)
  An orc wizard (D:3)
  Natasha (thrice) (D:3)
  3 adders (D:3)
  2 worms
  3 dart slugs
  A leopard gecko (D:3)
  7 orcs (D:3)
  8 bats
  A giant cockroach (D:3)
  5 hobgoblins
  2 jackals (D:3)
  A quokka (D:3)
  A ball python (D:3)
  5 frilled lizards
  2 goblins
  5 kobolds
  7 rats
58 creatures vanquished.

Notes
Turn   | Place    | Note
-------+----------+-------------------------------------------
     0 | D:1      | Laiders the Minotaur Berserker began the quest for the Orb.
     0 | D:1      | Reached XP level 1. HP: 19/19 MP: 0/0
   273 | D:1      | Reached skill level 4 in Maces & Flails
   374 | D:1      | Reached XP level 2. HP: 25/26 MP: 1/1
   909 | D:2      | Reached skill level 5 in Maces & Flails
   915 | D:2      | Found a snail-covered altar of Cheibriados.
  1277 | D:2      | Reached XP level 3. HP: 31/31 MP: 2/2
  1369 | D:3      | Reached ** piety under Trog
  1593 | D:3      | Noticed Natasha
  1605 | D:3      | Killed Natasha
  1848 | D:3      | Reached XP level 4. HP: 39/39 MP: 3/3
  1852 | D:3      | Reached skill level 6 in Maces & Flails
  2086 | D:3      | Noticed Natasha
  2095 | D:3      | Killed Natasha
  2099 | D:3      | Reached XP level 5. HP: 45/45 MP: 4/4
  2107 | D:3      | Found a sacrificial altar of Ru.
  2121 | D:3      | Reached skill level 7 in Maces & Flails
  2146 | D:3      | Noticed Natasha
  2150 | D:3      | Killed Natasha
  2443 | D:4      | Found a blossoming altar of Fedhas.
  2444 | D:4      | Noticed Menkaure
  2451 | D:4      | Mangled by Menkaure

Vault maps used:
D:1:      eino_arrival_water_cross
D:2:      kennysheep_slug_shrine
D:3:      first_bread, nicolae_ru_sacrificial_ziggurat, uniq_natasha
D:4:      fedhas_altar_1, gup_sewer_entry_bowl, abandoned_shop,
          minmay_quantized, uniq_menkaure

Skill      XL: |  1  2  3  4  5 |
---------------+----------------+-----
Maces & Flails | 4 5 6 7 |  7.8
Fighting       | |  3.6
Armour         | |  2.4
Dodging        | |  2.1

Action                   |  1- 3 |  4- 6 || total
-------------------------+-------+-------++-------
Melee: Mace              |    59 |    14 ||    73
       Headbutt          |    12 |    18 ||    30
       Whip              |       |    59 ||    59
Invok: Trog's Hand       |       |     1 ||     1
  Use: Scroll            |     5 |       ||     5
  Eat: Chunk             |     2 |     1 ||     3
       Bread ration      |       |     1 ||     1
       Royal jelly       |       |     1 ||     1
Armor: Animal skin       |     9 |       ||     9
       Scale mail        |    13 |    42 ||    55
Dodge: Dodged            |    40 |    36 ||    76

Table legend:
 A = Spawn XP
 B = Non-spawn XP
 C = Spawn XP percentage of total XP
 D = Spawn monster count
 E = Non-spawn monster count
 F = Spawn count percentage of total count
 G = Total turns spent on level
                    A         B        C        D         E        F      G
               +---------+---------+-------+---------+---------+-------+---------
         Total |       0 |     324 |   0.0 |       0 |      58 |   0.0 |  2451
               +---------+---------+-------+---------+---------+-------+---------
           D:1 |       0 |      25 |   0.0 |       0 |      16 |   0.0 |   816
           D:2 |       0 |      16 |   0.0 |       0 |       8 |   0.0 |   533
           D:3 |       0 |     279 |   0.0 |       0 |      33 |   0.0 |  1026
           D:4 |       0 |       4 |   0.0 |       0 |       1 |   0.0 |    76
               +---------+---------+-------+---------+---------+-------+---------
